 Dungeon Crawl Stone Soup version 0.29.1-15-g9cfb28693d (webtiles) character file.

Game seed: 11216851404457320824

2729 NikulaNev the Twirler (level 9, -7/88 HPs)
             Began as a Troll Berserker on Mar 20, 2023.
             Was a Believer of Trog.
             Mangled by a yak (16 damage)
             ... on level 6 of the Dungeon.
             The game lasted 00:26:02 (5953 turns).

NikulaNev the Twirler (Troll Berserker)             Turns: 5953, Time: 00:26:02

Health: -7/88      AC:  5    Str: 31    XL:     9   Next: 40%
Magic:  17/17      EV: 11    Int:  3    God:    Trog [**....]
Gold:   204        SH:  0    Dex:  9    Spells: 8/8 levels left

rFire   . . .      SeeInvis .   k - +2 quarterstaff (chaos)
rCold   . . .      Faith    .   (shield currently unavailable)
rNeg    . . .      Spirit   .   M - +0 robe
rPois   .          Reflect  .   (helmet restricted)
rElec   .          Harm     .   r - +0 cloak
rCorr   .          Rampage  .   (gloves unavailable)
Will    ++...                   (boots unavailable)
Stlth   +.........              C - amulet of the acrobat
HPRegen 2.04/turn               J - ring of magical power
MPRegen 0.15/turn               D - ring of flight

@: strong-willed, on berserk cooldown, flying, regenerating, slowed, very slow
A: large, unfitting armour, claws 3, regeneration 1, shaggy fur 1, tough skin 1
a: Renounce Religion, Berserk, Trog's Hand


You were on level 6 of the Dungeon.
You worshipped Trog.
Trog was pleased with you.
You visited 2 branches of the dungeon, and saw 7 of its levels.

You collected 204 gold pieces.

Inventory:

Hand Weapons
 b - a +1 vorpal hammer
 k - a +2 quarterstaff of chaos (weapon)
 B - a +0 hammer of holy wrath
Missiles
 c - 65 stones (quivered)
 E - 3 atropa-tipped darts
Armour
 r - a +0 cloak (worn)
 M - a +0 robe (worn)
Jewellery
 C - an amulet of the acrobat (around neck)
 D - a ring of flight (right claw)
 J - a ring of magical power (left claw)
Wands
 v - a wand of iceblast (12)
 I - a wand of charming (4)
 L - a wand of polymorph (14)
Scrolls
 e - 12 scrolls of identify {unknown}
 f - 2 scrolls of brand weapon {unknown}
 g - a scroll of summoning {unknown}
 i - 2 scrolls of enchant weapon {unknown}
 j - 3 scrolls of immolation {unknown}
 n - a scroll of silence {unknown}
 o - 2 scrolls of teleportation {unknown}
 p - 2 scrolls of enchant armour {unknown}
 q - a scroll of butterflies {unknown}
 u - a scroll of fear {unknown}
 w - a scroll of vulnerability {unknown}
 y - 3 scrolls of blinking {unknown}
 z - a scroll of noise {unknown}
 H - a scroll of poison {unknown}
Potions
 a - a potion of cancellation {unknown}
 d - a potion of magic {unknown}
 h - 2 potions of might {unknown}
 l - 3 potions of flight {unknown}
 m - 9 potions of curing {unknown}
 s - a potion of haste {unknown}
 t - 3 potions of heal wounds {unknown}
 A - a potion of mutation {unknown}
 F - a potion of ambrosia {unknown}
 G - a potion of brilliance {unknown}
 K - a potion of berserk rage {unknown}


   Skills:
 + Level 5.3 Fighting
 + Level 2.0 Short Blades
 + Level 3.2 Axes
 + Level 6.7 Staves
 + Level 6.0 Dodging
 + Level 1.5 Stealth


You had 8 spell levels left.
You didn't know any spells.
Your spell library contained the following spells:

 Spells                   Type           Power      Damage    Failure   Level
 Ensorcelled Hibernation  Hex/Ice        0%         N/A       67%         2
 Passwall                 Tmut/Erth      0%         N/A       67%         2
 Swiftness                Air            0%         N/A       88%         3


Dungeon Overview and Level Annotations

Branches:
Dungeon (6/15)             Temple (1/1) D:6

Altars:
Cheibriados
Dithmenos
Elyvilon
Fedhas
Gozag
Kikubaaqudgha
Makhleb
Nemelex Xobeh
Sif Muna
Trog
Yredelemnul
The Shining One


Innate Abilities, Weirdness & Mutations

You are too large for most types of armour.
You have claws for hands.
Your natural rate of healing is unusually fast.
You are covered in fur. (AC +1)
You have tough skin. (AC +1)


Message History

The yak is severely wounded.
The yak closely misses you. The orc hits you with a +0 hand axe.
The yak snorts and paws the ground.
The yak gores you but does no damage.
You hit the yak. You freeze the yak.
The yak is severely wounded.
You are no longer berserk.
You are exhausted.
You feel yourself slow down.
Your skin crawls.
You feel strong-willed. The yak gores you. The orc closely misses you.
The yak gores you. The yak gores you but does no damage. The yak gores you!
The orc hits you but does no damage.
You thump the yak!
The yak is almost dead.
The yak barely misses you. The orc closely misses you. The yak gores you!
You barely miss the yak.
The yak is almost dead.
The yak gores you!
* * * LOW HITPOINT WARNING * * *
The orc hits you but does no damage. The yak gores you.
* * * LOW HITPOINT WARNING * * *
The yak gores you.
* * * LOW HITPOINT WARNING * * *
The yak gores you.
* * * LOW HITPOINT WARNING * * *
The orc completely misses you.
You hit the yak. You burn the yak.
You kill the yak!
Trog accepts your kill. The orc closely misses you. The yak gores you.
* * * LOW HITPOINT WARNING * * *
Your Dodging skill increases to level 6!
You sock the yak! You burn the yak.
The yak is moderately wounded.
The orc hits you with a +0 hand axe.
* * * LOW HITPOINT WARNING * * *
The yak gores you!
You die...

###....# #.##
#...##########.......
..######........##..Y
.........##.....#..#
#..#####.......##.#
#.## ##.........# ..#
#.........# ###
#.......oY# #
#........@#
#.......<.#
#........$#
##.......##
#.........#
#!........#
#.........#
#.........#
........o#


You could see a yak and an orc.

Vanquished Creatures
  Grinder (D:3)
  Sigmund (D:6)
  Eustachio (D:5)
  4 yaks (D:6)
  A steam dragon (D:6)
  4 ogres
  A centaur (D:6)
  A bullfrog (D:6)
  4 necrophages
  6 scorpions
  An orc priest (D:6)
  Crazy Yiuf (D:3)
  2 hounds
  A jelly (D:5)
  3 iguanas
  2 orc wizards
  11 adders
  An ufetubus (D:4)
  2 dart slugs
  12 orcs
  4 ball pythons
  8 endoplasms
  3 giant cockroaches
  5 hobgoblins
  9 jackals
  6 kobolds
  8 quokkas
  8 bats
  A frilled lizard (D:1)
  6 goblins
  5 rats
123 creatures vanquished.

Vanquished Creatures (others)
  3 fungi (D:3)
3 creatures vanquished.

Grand Total: 126 creatures vanquished

Notes
Turn   | Place    | Note
-------+----------+-------------------------------------------
     0 | D:1      | NikulaNev the Troll Berserker began the quest for the Orb.
     0 | D:1      | Reached XP level 1. HP: 22/22 MP: 0/0
   442 | D:1      | Reached XP level 2. HP: 29/29 MP: 1/1
  1207 | D:2      | Identified the +3 leather armour "Zeucsumau" {rC+}
  1338 | D:2      | Reached XP level 3. HP: 36/36 MP: 2/2
  1489 | D:2      | Reached ** piety under Trog
  2227 | D:3      | Reached XP level 4. HP: 44/44 MP: 3/3
  2557 | D:3      | Found a runed translucent door.
  2559 | D:3      | Noticed Crazy Yiuf
  2593 | D:3      | Killed Crazy Yiuf
  2671 | D:3      | Noticed Grinder
  2672 | D:3      | Paralysed by Grinder for 5 turns
  2680 | D:3      | Paralysed by Grinder for 4 turns
  2683 | D:3      | HP: 3/67 [Grinder (3)]
  2688 | D:3      | HP: 1/45 [Grinder (2)]
  2705 | D:3      | Killed Grinder
  2706 | D:3      | Reached skill level 1 in Short Blades
  2706 | D:3      | Reached XP level 5. HP: 32/53 MP: 4/4
  2706 | D:3      | Reached XP level 6. HP: 37/61 MP: 5/5
  3193 | D:4      | Reached skill level 1 in Staves
  3254 | D:4      | Reached XP level 7. HP: 59/67 MP: 6/6
  3354 | D:4      | Found an ancient bone altar of Kikubaaqudgha.
  3357 | D:4      | Found a snail-covered altar of Cheibriados.
  4058 | D:5      | Entered Level 5 of the Dungeon
  4265 | D:5      | Reached XP level 8. HP: 64/78 MP: 7/7
  4376 | D:5      | Found a sand-covered staircase.
  4404 | D:5      | Reached skill level 5 in Dodging
  4709 | D:5      | Noticed Eustachio
  4725 | D:5      | Killed Eustachio
  4726 | D:5      | Reached skill level 5 in Staves
  4726 | D:5      | Reached skill level 1 in Stealth
  5237 | D:6      | Found a staircase to the Ecumenical Temple.
  5276 | Temple   | Entered the Ecumenical Temple
  5415 | D:6      | Noticed Sigmund
  5442 | D:6      | Killed Sigmund
  5563 | D:6      | Found an opulent altar of Gozag.
  5837 | D:6      | Reached XP level 9. HP: 87/87 MP: 8/8
  5936 | D:6      | Reached skill level 5 in Fighting
  5953 | D:6      | Mangled by a yak

Illustrated notes

Levels and vault maps discovered:
D:1:      lightli_arrival_chessboard, layout_basic
D:2:      layout_basic
D:3:      layout_basic, st_stairs_14, lemuel_flame_loot_1,
          uniq_crazy_yiuf_cottage, uniq_grinder
D:4:      layout_cave_pools, mainiacjoe_overflow_catwalk_spiral,
          gup_sewer_entry_bubbles
D:5:      layout_basic, nicolae_ossuary_entry_monument, uniq_eustachio
D:6:      layout_rooms, minmay_overflow_temple_star_quad,
          mainiacjoe_overflow_24_doors, minmay_temple_entry_stoned_glass,
          uniq_sigmund
Temple:   nicolae_temple_ecumenical_triangle

Skill      XL: |  1  2  3  4  5  6  7  8  9 |
---------------+----------------------------+-----
Axes           | 3 |  3.2
Dodging        | 3 4 5 6 |  6.0
Fighting       | 3 4 5 |  5.3
Short Blades   | 1 2 |  2.0
Staves         | 2 4 6 |  6.7
Stealth        | 1 |  1.5

Action                   |  1- 3 |  4- 6 |  7- 9 || total
-------------------------+-------+-------+-------++-------
Melee: Hand axe          |    73 |       |       ||    73
       Punch             |     1 |     2 |       ||     3
       Dagger            |    68 |    55 |       ||   123
       Quarterstaff      |       |    55 |   192 ||   247
       Mace              |       |     1 |       ||     1
Invok: Trog's Hand       |       |     3 |     4 ||     7
       Berserk           |       |     3 |     7 ||    10
Armor: Animal skin       |   138 |    25 |       ||   163
       Robe              |       |    31 |    60 ||    91
Dodge: Dodged            |   141 |    64 |   134 ||   339
